Map: Romanticide LE

Players

ShoWTimE

  • Race: Protoss Protoss
  • Spawn Location: 11:00

INnoVation - Winner!

  • Race: Terran Terran
  • Spawn Location: 5:00

Event: ASUS ROG Online 2020

VOD

Have the link to the VOD?

Description

Time

  • Played on: Nov. 28, 2020, 12:56 p.m.
  • Length: 15:41

All games in this series

Show
View Real Time Build Order
Export as new Build Order

ShoWTimE Protoss 

Build Orders: 1 Gate Expand, Phoenix Opening 

Get SALT Encoding   

  12  0:00  Probe  
  13  0:12  Probe  
  14  0:17  Pylon  
  14  0:24  Probe (Chrono Boost)  
  15  0:36  Probe (Chrono Boost)  
  15  0:37  Gateway  
  16  0:44  Probe (Chrono Boost)  
  16  0:46  Assimilator  
  17  0:51  Probe  
  18  1:03  Probe  
  19  1:15  Probe  
  20  1:28  Cybernetics Core  
  20  1:32  Nexus  
  20  1:35  Probe  
  21  1:43  Pylon  
  21  1:47  Probe  
  21  1:51  Assimilator  
  22  1:59  Probe  
  23  2:02  Adept (Chrono Boost)  
  25  2:11  Probe  
  26  2:23  Adept (Chrono Boost)  
  26  2:24  Probe  
  29  2:32  Stargate  
  29  2:36  Warp Gate  
  30  2:37  Probe (Chrono Boost)  
  31  2:44  Adept, Probe (Chrono Boost)  
  34  2:54  Probe x2 (Chrono Boost)  
  35  2:59  Probe (Chrono Boost)  
  35  3:00  Probe  
  37  3:10  Probe  
  37  3:12  Probe  
  39  3:14  Phoenix (Chrono Boost), Adept  
  39  3:16  Pylon  
  43  3:22  Probe  
  43  3:24  Probe  
  45  3:28  Gateway  
  45  3:32  Phoenix  
  47  3:34  Probe  
  47  3:36  Probe  
  49  3:42  Robotics Facility  
  49  3:44  Pylon  
  49  3:46  Probe  
  50  3:50  Probe  
  50  3:53  Assimilator  
  51  3:55  Assimilator  
  51  3:59  Phoenix  
  51  4:00  Probe (Chrono Boost)  
  54  4:06  Probe (Chrono Boost)  
  55  4:12  Probe (Chrono Boost)  
  57  4:18  Probe x2 (Chrono Boost)  
  57  4:19  Pylon  
  57  4:21  Shield Battery  
  57  4:23  Phoenix  
  60  4:27  Probe  
  62  4:38  Probe  
  62  4:40  Pylon  
  62  4:50  Observer (Chrono Boost)  
  62  4:52  Nexus  
  63  4:53  Probe x2  
  65  5:03  Immortal (Chrono Boost)  
  65  5:05  Probe x2  
  65  5:06  Pylon  
  71  5:17  Sentry, Probe  
  71  5:18  Probe  
  75  5:21  Pylon  
  75  5:24  Twilight Council, Forge  
  75  5:30  Probe x2  
  75  5:33  Robotics Bay  
  77  5:37  Immortal (Chrono Boost)  
  77  5:42  Probe x2  
  83  5:54  Probe x2  
  83  5:56  Protoss Ground Weapons Level 1  
  83  5:58  Charge (Chrono Boost)  
  83  6:01  Gateway  
  83  6:04  Gateway  
  83  6:06  Probe  
  83  6:07  Gateway  
  83  6:08  Gateway  
  83  6:10  Sentry  
  86  6:17  Colossus (Chrono Boost)  
  86  6:19  Shield Battery  
  86  6:21  Shield Battery  
  86  6:22  Extended Thermal Lance  
  92  6:27  Zealot  
  92  6:31  Phoenix  
  96  6:34  Pylon  
  96  6:40  Stalker, Shield Battery  
  96  6:42  Probe x2  
  99  6:48  Sentry  
  99  6:50  Probe  
  97  6:54  Probe  
  97  6:56  Zealot  
  93  7:03  Zealot x4  
  99  7:10  Probe x3  
  99  7:13  Colossus (Chrono Boost)  
  100  7:22  Probe x2  
  108  7:23  Assimilator  
  108  7:25  Pylon  
  108  7:26  Assimilator  
  108  7:27  Pylon  
  108  7:30  Photon Cannon  
  108  7:35  Pylon  
  108  7:43  Zealot x3, Probe  
  108  7:44  Zealot x2  
  113  7:47  Photon Cannon  
  113  7:51  Probe x2  
  115  7:55  Probe  
  115  7:56  Pylon  
  116  8:02  Colossus  
  116  8:03  Probe  
  114  8:07  Zealot x2  
  106  8:13  Probe  
  106  8:16  Assimilator  
  106  8:18  Assimilator  
  106  8:19  Stalker, Photon Cannon  
  109  8:21  Protoss Ground Armor Level 1 (Chrono Boost)  
  109  8:23  Blink (Chrono Boost)  
  102  8:34  Probe x3  
  102  8:36  Stalker x2  
  109  8:44  Stalker x2  
  109  8:46  Sentry, Probe x2  
  117  8:49  Probe  
  118  8:58  Warp Prism, Probe x2  
  118  9:01  Zealot  
  118  9:02  Zealot, Pylon  
  126  9:04  Probe  
  127  9:10  Probe  
  127  9:12  Zealot x3  
  122  9:24  Shield Battery  
  122  9:25  Probe  
  122  9:30  Zealot x2  
  126  9:38  Probe  
  121  9:41  Zealot x3  
  123  9:45  Templar Archives  
  123  9:48  Gateway  
  123  9:50  Gateway  
  122  9:53  Observer (Chrono Boost)  
  122  10:00  Stalker x2, Gateway  
  122  10:01  Pylon  
  126  10:11  Zealot x3  
  123  10:17  Protoss Ground Weapons Level 2 (Chrono Boost)  
  116  10:24  High Templar x5  
  116  10:25  Probe  
  127  10:33  Archon x2  
  126  10:48  Zealot, High Templar  
  120  10:50  Colossus (Chrono Boost)  
  120  10:51  Assimilator  
  120  10:54  Assimilator  
  126  10:58  Zealot x3  
  132  11:05  Archon  
  132  11:14  Pylon  
  132  11:15  Pylon x2  
  132  11:17  Pylon  
  132  11:24  Pylon  
  132  11:25  Nexus  
  132  11:26  Pylon  
  132  11:28  Pylon  
  132  11:31  Pylon  
  132  11:34  Disruptor (Chrono Boost)  
  132  11:36  Probe x3  
  138  11:43  Stalker x5, Zealot x3  
  150  12:02  Photon Cannon  
  150  12:10  High Templar x4  
  150  12:11  Zealot x4  
  150  12:14  Archon x2  
  166  12:34  Stalker x4  
  140  12:53  Zealot x2  
  140  12:54  Zealot  
  140  12:56  Zealot  
  132  12:59  Zealot x4  
  117  13:20  Zealot x5  
  90  14:01  Observer  
  86  14:09  Nexus  
  86  14:31  Observer  
Show
View Real Time Build Order
Export as new Build Order

INnoVation Terran - Winner!

Build Orders: Reaper Expand 

Get SALT Encoding   

  12  0:00  SCV  
  13  0:12  SCV  
  14  0:17  Supply Depot  
  14  0:24  SCV  
  15  0:38  SCV  
  15  0:39  Barracks  
  16  0:43  Refinery  
  16  0:50  SCV  
  17  1:02  SCV  
  18  1:14  SCV  
  19  1:27  Orbital Command  
  19  1:28  Reaper  
  20  1:43  Command Center  
  20  1:52  Supply Depot, SCV  
  21  1:59  Marine  
  22  2:05  SCV  
  22  2:07  Factory  
  23  2:17  SCV  
  23  2:18  Refinery  
  23  2:22  Barracks Reactor  
  24  2:25  Bunker  
  24  2:29  SCV  
  25  2:41  SCV  
  26  2:52  Starport  
  26  2:53  SCV  
  26  2:55  Orbital Command  
  26  2:58  Widow Mine  
  29  2:59  Marine x2  
  29  3:05  SCV  
  32  3:17  SCV, Marine x2  
  32  3:19  Widow Mine  
  37  3:21  SCV  
  38  3:28  Medivac  
  38  3:29  Supply Depot  
  38  3:30  SCV  
  38  3:33  SCV  
  42  3:34  Barracks  
  42  3:40  Widow Mine  
  44  3:43  SCV  
  44  3:45  SCV  
  44  3:47  Barracks  
  46  3:52  Supply Depot  
  46  3:54  Marine x2  
  48  3:59  SCV x2  
  48  4:01  Starport Tech Lab  
  48  4:02  Factory Tech Lab  
  50  4:07  Engineering Bay  
  50  4:11  SCV x2  
  50  4:14  Marine x2  
  53  4:18  Supply Depot  
  53  4:24  SCV x2  
  53  4:27  Refinery  
  55  4:38  SCV x2  
  57  4:40  Marine x2  
  57  4:42  Stimpack  
  57  4:43  Terran Infantry Weapons Level 1  
  57  4:44  Supply Depot  
  57  4:45  Factory Reactor  
  57  4:46  Starport Reactor  
  57  4:50  SCV x2  
  63  4:52  Marauder  
  63  4:53  Marauder  
  63  4:59  Refinery  
  63  5:02  SCV x2  
  63  5:04  Marine x2  
  67  5:07  Supply Depot  
  67  5:09  Combat Shield  
  65  5:14  SCV x2  
  65  5:19  Supply Depot, Marauder x2  
  71  5:21  Widow Mine x2, Marine x2  
  71  5:26  SCV x2  
  77  5:30  Missile Turret  
  77  5:31  Missile Turret  
  77  5:35  Medivac  
  79  5:37  Medivac  
  79  5:40  SCV  
  79  5:41  Supply Depot  
  82  5:45  Widow Mine  
  82  5:48  Widow Mine  
  80  5:56  Marauder x2, Marine x2  
  86  6:02  Supply Depot  
  86  6:05  Medivac  
  86  6:07  Medivac, Widow Mine  
  86  6:09  Widow Mine  
  93  6:19  Command Center  
  93  6:21  Concussive Shells  
  93  6:23  Marauder  
  93  6:24  Marauder  
  97  6:26  Marine x2  
  97  6:32  Widow Mine  
  101  6:33  Supply Depot  
  101  6:38  Terran Infantry Armor Level 1  
  101  6:46  Barracks  
  101  6:48  Barracks  
  101  6:50  Marauder x2  
  101  6:53  Marine x2  
  101  6:55  Widow Mine x2  
  101  7:01  Medivac x2  
  108  7:07  SCV x2  
  106  7:12  Supply Depot  
  106  7:15  Marauder x2, Marine x2  
  109  7:19  SCV x2  
  109  7:21  Widow Mine  
  113  7:25  Widow Mine  
  115  7:31  Orbital Command  
  115  7:37  Barracks Reactor, Barracks Tech Lab  
  115  7:38  SCV x2  
  111  7:45  Marauder x2  
  111  7:46  Marine  
  111  7:47  Marine  
  115  7:52  Widow Mine x2  
  115  7:56  Medivac x2  
  123  8:02  Armory  
  123  8:12  Marauder x2  
  116  8:13  Marauder  
  116  8:17  Widow Mine x2, SCV x2  
  116  8:18  SCV, Marine x3  
  126  8:26  Supply Depot  
  126  8:29  Engineering Bay  
  126  8:30  Medivac x2  
  130  8:35  SCV x2  
  130  8:36  SCV  
  130  8:41  Marauder x3  
  139  8:44  Widow Mine x2  
  139  8:48  Marine x4  
  139  8:50  SCV  
  139  8:51  Supply Depot, SCV  
  139  8:52  SCV  
  146  8:58  Terran Infantry Weapons Level 2  
  146  9:03  Terran Infantry Armor Level 2  
  146  9:05  Marine  
  149  9:10  Marauder  
  149  9:13  Marauder, Widow Mine, Marine x4  
  153  9:23  Marauder  
  141  9:30  Widow Mine  
  141  9:31  Marauder, Marine x4  
  149  9:35  Marauder, Widow Mine  
  149  9:43  SCV  
  149  9:44  SCV  
  149  9:45  Marauder  
  143  9:48  Marine x4  
  143  9:50  Viking  
  143  9:51  Refinery x2, Viking  
  143  9:52  Supply Depot, Widow Mine  
  151  9:53  Marauder  
  151  9:54  SCV  
  151  9:55  SCV  
  151  9:56  Marauder, Widow Mine  
  157  10:06  Supply Depot  
  157  10:09  Supply Depot  
  157  10:12  Marine x2  
  157  10:13  Marine  
  157  10:14  Marauder x2  
  162  10:17  Widow Mine  
  162  10:19  Marauder  
  162  10:20  Widow Mine  
  162  10:23  Viking  
  162  10:27  Viking  
  164  10:34  SCV  
  164  10:35  Marauder, SCV x2  
  169  10:38  Supply Depot  
  169  10:42  Command Center  
  169  10:48  Terran Ship Weapons Level 1  
  164  10:50  Ghost Academy  
  164  10:51  Widow Mine x2  
  159  10:57  Viking  
  159  10:58  Viking  
  154  11:12  Barracks  
  154  11:13  Barracks  
  154  11:14  Barracks  
  154  11:20  Widow Mine x2  
  154  11:22  Ghost x3  
  164  11:26  Enhanced Shockwaves  
  164  11:30  Marine x4  
  168  11:33  SCV x3  
  171  11:45  SCV  
  171  11:46  SCV x2  
  172  11:48  Marine  
  172  11:49  Marine  
  172  11:58  SCV x3  
  171  12:05  Marauder x3, Marine x3  
  177  12:10  SCV x3  
  177  12:11  Widow Mine x2, Viking x2  
  188  12:21  Marine  
  188  12:22  Marine x2  
  190  12:23  Marine  
  190  12:26  Marauder x3  
  188  12:46  Widow Mine x2  
  188  12:49  Marauder x3, Marine x4  
  158  12:53  SCV  
  158  12:54  SCV x2  
  120  13:05  SCV  
  120  13:06  SCV, Viking x2  
  120  13:08  Widow Mine x2  
  120  13:09  Marine  
  120  13:10  Marauder, Marine x2  
  120  13:11  Marauder x2  
  120  13:12  Marine  
  131  13:14  Marine x2  
  117  13:20  SCV x3  
  69  14:48  Marine x5  
  67  15:06  Marine x5  
  63  15:18  Command Center  
Tags
 
Add a new tag
Caveats
  • Supply blocks, unpowered buildings, or Contaminate may cause inaccurate times.
  • Supply counts are checked every 10 seconds.